| TOP OF THE 1ST |
|
Texas Rangers batting - Pitching for Oakland Athletics : RHP Corbin Schenn
|
|
Pitching: RHP Corbin Schenn
|
|
|
Batting: LHB Sean Geisler
|
0-0: Called Strike 0-1: Foul Ball, location: 2F 0-2: Ball 1-2: Foul Ball, location: 2F 1-2: Ball 2-2: Ground out 4-3 (Groundball, 4, EV 84.4 MPH)
|
|
Batting: RHB Butch Kaiser
|
0-0: Called Strike 0-1: Foul Ball, location: 2F 0-2: Ground out 4-3 (Groundball, 4, EV 78.8 MPH)
|
|
Batting: RHB Marc Peckermark
|
0-0: Ball 1-0: Ball 2-0: Swinging Strike 2-1: Swinging Strike 2-2: Ball 3-2: Strikes out looking
|
| Top of the 1st over - 0 runs, 0 hits, 0 errors, 0 left on base; Texas 0 - Oakland 0 |
| BOTTOM OF THE 1ST |
|
Oakland Athletics batting - Pitching for Texas Rangers : RHP Kevin Ovens-Toots
|
|
Pitching: RHP Kevin Ovens-Toots
|
|
|
Batting: RHB Muneo Kawachi
|
0-0: Called Strike 0-1: Swinging Strike 0-2: Strikes out swinging
|
|
Batting: RHB C.J. Beavers
|
0-0: TRIPLE (Line Drive, 78XD, EV 102.5 MPH)
|
|
Batting: SHB Jerry Luckwell
|
0-0: Ground out 4-3 (Groundball, 4, EV 84.4 MPH) C.J. Beavers scores
|
|
Batting: LHB Sakae Kasahara
|
0-0: Swinging Strike 0-1: Ball 1-1: Foul Ball, location: 2F 1-2: Foul Ball, location: 2F 1-2: Ball 2-2: Foul Ball, location: 2F 2-2: Fly out, F8 (Flyball, 78S, EV 74.4 MPH)
|
| Bottom of the 1st over - 1 run, 1 hit, 0 errors, 0 left on base; Texas 0 - Oakland 1 |
| TOP OF THE 2ND |
|
Texas Rangers batting - Pitching for Oakland Athletics : RHP Corbin Schenn
|
|
Batting: LHB Zion Davidson
|
0-0: Called Strike 0-1: Ball 1-1: Ball 2-1: SINGLE (Flyball, 5D, EV 88.8 MPH)
|
|
Batting: SHB Vince Ealy
|
0-0: Ball Zion Davidson is caught stealing 2nd base 2-6 1-0: Called Strike 1-1: Ball 2-1: Swinging Strike 2-2: Ball 3-2: Strikes out swinging
|
|
Batting: RHB Ray Llewellyn
|
0-0: SINGLE (Groundball, 34, EV 108.1 MPH)
|
|
Batting: SHB Addick de Vries
|
0-0: Swinging Strike 0-1: Ball 1-1: Foul Ball, location: 2F 1-2: Foul Ball, location: 2F 1-2: Foul Ball, location: 2F 1-2: Foul Ball, location: 2F 1-2: Ground out U3 (Groundball, 3, EV 85.6 MPH)
|
| Top of the 2nd over - 0 runs, 2 hits, 0 errors, 1 left on base; Texas 0 - Oakland 1 |
| BOTTOM OF THE 2ND |
|
Oakland Athletics batting - Pitching for Texas Rangers : RHP Kevin Ovens-Toots
|
|
Batting: RHB Randy Shrewsbury
|
0-0: Fly out, F8 (Flyball, 8LD, EV 98.1 MPH)
|
|
Batting: SHB Quincy Bradford
|
0-0: Swinging Strike 0-1: Ball 1-1: Ball 2-1: Swinging Strike 2-2: Foul Ball, location: 2F 2-2: Fly out, F9 (Flyball, 89M, EV 85.0 MPH)
|
|
Batting: LHB Tom Butterbaugh
|
0-0: Called Strike 0-1: Ball 1-1: Called Strike 1-2: SINGLE (Groundball, 34D, EV 95.6 MPH)
|
|
Batting: LHB R.J. O'Brien
|
0-0: Fly out, F7 (Flyball, 7LS, EV 78.8 MPH)
|
| Bottom of the 2nd over - 0 runs, 1 hit, 0 errors, 1 left on base; Texas 0 - Oakland 1 |
| TOP OF THE 3RD |
|
Texas Rangers batting - Pitching for Oakland Athletics : RHP Corbin Schenn
|
|
Batting: RHB Blake Ballard
|
0-0: Ball 1-0: Ground out 5-3 (Groundball, 5, EV 84.4 MPH)
|
|
Batting: RHB Chris Torlak
|
0-0: Ball 1-0: Called Strike 1-1: Foul Ball, location: 2F 1-2: Ball 2-2: Foul Ball, location: 2F 2-2: Fly out, F6 (Line Drive, 6M, EV 63.1 MPH)
|
|
Batting: LHB Sean Geisler
|
0-0: Foul Ball, location: 2F 0-1: Ball 1-1: Foul Ball, location: 2F 1-2: Ball 2-2: Foul Ball, location: 2F 2-2: DOUBLE (Line Drive, 8RXD, EV 110.6 MPH)
|
|
Batting: RHB Butch Kaiser
|
0-0: Ball 1-0: Ball 2-0: Called Strike 2-1: Foul Ball, location: 2F 2-2: Strikes out swinging, 2-3 out at first.
|
| Top of the 3rd over - 0 runs, 1 hit, 0 errors, 1 left on base; Texas 0 - Oakland 1 |
| BOTTOM OF THE 3RD |
|
Oakland Athletics batting - Pitching for Texas Rangers : RHP Kevin Ovens-Toots
|
|
Batting: LHB Al Hernandez
|
0-0: Called Strike 0-1: Ball 1-1: Foul Ball, location: 2F 1-2: Ball 2-2: Fly out, F9 (Flyball, 9, EV 94.4 MPH)
|
|
Batting: RHB Muneo Kawachi
|
0-0: Ball 1-0: Ball 2-0: Called Strike 2-1: TRIPLE (Line Drive, 9LD, EV 100.6 MPH)
|
|
Batting: RHB C.J. Beavers
|
0-0: Called Strike 0-1: Called Strike 0-2: Ball 1-2: Foul Ball, location: 2F 1-2: Ball 2-2: Foul Ball, location: 2F 2-2: Ball 3-2: Ground out 5-3 (Groundball, 56, EV 99.4 MPH) Muneo Kawachi scores
|
|
Batting: SHB Jerry Luckwell
|
0-0: Ball 1-0: Ball 2-0: Foul Ball, location: 2F 2-1: Foul Ball, location: 2F 2-2: Foul Ball, location: 2F 2-2: Foul Ball, location: 2F 2-2: Foul Ball, location: 2F 2-2: Ball 3-2: Ground out 5-3 (Groundball, 56, EV 78.1 MPH)
|
| Bottom of the 3rd over - 1 run, 1 hit, 0 errors, 0 left on base; Texas 0 - Oakland 2 |
| TOP OF THE 4TH |
|
Texas Rangers batting - Pitching for Oakland Athletics : RHP Corbin Schenn
|
|
Batting: RHB Marc Peckermark
|
0-0: Called Strike 0-1: Ball 1-1: Foul Ball, location: 2F 1-2: SINGLE (Line Drive, 78S, EV 107.5 MPH)
|
|
Batting: LHB Zion Davidson
|
0-0: Ball 1-0: SINGLE (Line Drive, 9LS, EV 105.6 MPH) Marc Peckermark to second Runner from 2nd tries for 3rd, SAFE, throw by RF made to third
|
|
Batting: SHB Vince Ealy
|
0-0: Foul Ball, location: 2F 0-1: Ball 1-1: Swinging Strike 1-2: Ball 2-2: Foul Ball, location: 2F 2-2: Foul Ball, location: 2F 2-2: Grounds into double play, 6-4-3 (Groundball, 6M, EV 81.2 MPH) Marc Peckermark scores
|
|
Batting: RHB Ray Llewellyn
|
0-0: Called Strike 0-1: Swinging Strike 0-2: Ball 1-2: Ball 2-2: Strikes out swinging
|
| Top of the 4th over - 1 run, 2 hits, 0 errors, 0 left on base; Texas 1 - Oakland 2 |
| BOTTOM OF THE 4TH |
|
Oakland Athletics batting - Pitching for Texas Rangers : RHP Kevin Ovens-Toots
|
|
Batting: LHB Sakae Kasahara
|
0-0: DOUBLE (Line Drive, 78XD, EV 102.5 MPH)
|
|
Batting: RHB Randy Shrewsbury
|
0-0: Ball 1-0: Called Strike 1-1: Ball 2-1: Foul Ball, location: 2F 2-2: Strikes out swinging
|
|
Batting: SHB Quincy Bradford
|
0-0: SINGLE (Groundball, 6D, EV 106.2 MPH) Sakae Kasahara to third
|
|
Batting: LHB Tom Butterbaugh
|
0-0: Called Strike 0-1: Ball 1-1: Ball 2-1: Foul Ball, location: 2F 2-2: Strikes out swinging
|
|
Batting: LHB R.J. O'Brien
|
0-0: Ball 1-0: Ball 2-0: SINGLE (Groundball, 25, EV 71.9 MPH) (infield hit) Sakae Kasahara scores Quincy Bradford to second
|
|
Batting: LHB Al Hernandez
|
0-0: Ball 1-0: Foul Ball, location: 2F 1-1: Fielders Choice at 2nd, 6-4 (Groundball, 6, EV 99.4 MPH)
|
| Bottom of the 4th over - 1 run, 3 hits, 0 errors, 2 left on base; Texas 1 - Oakland 3 |
| TOP OF THE 5TH |
|
Texas Rangers batting - Pitching for Oakland Athletics : RHP Corbin Schenn
|
|
Batting: SHB Addick de Vries
|
0-0: Called Strike 0-1: Ball 1-1: Ball 2-1: Ball 3-1: Ground out 6-3 (Groundball, 6, EV 86.9 MPH)
|
|
Batting: RHB Blake Ballard
|
0-0: Ball 1-0: Ball 2-0: Called Strike 2-1: Foul Ball, location: 2F 2-2: Fly out, F7 (Flyball, 7LS, EV 89.4 MPH)
|
|
Batting: RHB Chris Torlak
|
0-0: Ball 1-0: Called Strike 1-1: Swinging Strike 1-2: Foul Ball, location: 2F 1-2: Foul Ball, location: 2F 1-2: Ball 2-2: Ball 3-2: Strikes out looking
|
| Top of the 5th over - 0 runs, 0 hits, 0 errors, 0 left on base; Texas 1 - Oakland 3 |
| BOTTOM OF THE 5TH |
|
Oakland Athletics batting - Pitching for Texas Rangers : RHP Kevin Ovens-Toots
|
|
Batting: RHB Muneo Kawachi
|
0-0: Called Strike 0-1: Called Strike 0-2: Strikes out swinging
|
|
Batting: RHB C.J. Beavers
|
0-0: Ball 1-0: Called Strike 1-1: Ball 2-1: Ground out 6-3 (Groundball, 6, EV 81.2 MPH)
|
|
Batting: SHB Jerry Luckwell
|
0-0: Ball 1-0: Ball 2-0: Called Strike 2-1: Called Strike 2-2: Ground out 6-3 (Groundball, 6, EV 101.9 MPH)
|
| Bottom of the 5th over - 0 runs, 0 hits, 0 errors, 0 left on base; Texas 1 - Oakland 3 |
| TOP OF THE 6TH |
|
Texas Rangers batting - Pitching for Oakland Athletics : RHP Corbin Schenn
|
|
Batting: LHB Sean Geisler
|
0-0: Ball 1-0: Called Strike 1-1: Foul Ball, location: 2F 1-2: Ball 2-2: Foul Ball, location: 2F 2-2: Strikes out looking
|
|
Batting: RHB Butch Kaiser
|
0-0: Called Strike 0-1: Ball 1-1: Foul Ball, location: 2F 1-2: Ground out 4-3 (Groundball, 34, EV 107.5 MPH)
|
|
Batting: RHB Marc Peckermark
|
0-0: Ball 1-0: Ball 2-0: Called Strike 2-1: Swinging Strike 2-2: Ground out 4-3 (Groundball, 4MS, EV 83.8 MPH)
|
| Top of the 6th over - 0 runs, 0 hits, 0 errors, 0 left on base; Texas 1 - Oakland 3 |
| BOTTOM OF THE 6TH |
|
Oakland Athletics batting - Pitching for Texas Rangers : RHP Kevin Ovens-Toots
|
|
Batting: LHB Sakae Kasahara
|
0-0: Called Strike 0-1: Ball 1-1: Fly out, F7 (Flyball, 7LD, EV 104.4 MPH)
|
|
Batting: RHB Randy Shrewsbury
|
0-0: Ground out 5-3 (Groundball, 56, EV 86.2 MPH)
|
|
Batting: SHB Quincy Bradford
|
0-0: Called Strike 0-1: Foul Ball, location: 2F 0-2: Strikes out swinging
|
| Bottom of the 6th over - 0 runs, 0 hits, 0 errors, 0 left on base; Texas 1 - Oakland 3 |
| TOP OF THE 7TH |
|
Texas Rangers batting - Pitching for Oakland Athletics : RHP Corbin Schenn
|
|
Pitching: LHP David James
|
|
|
Batting: LHB Zion Davidson
|
0-0: Fly out, F7 (Flyball, 7D, EV 94.4 MPH)
|
|
Pitching: RHP George Rubio
|
|
|
Batting: SHB Vince Ealy
|
0-0: Swinging Strike 0-1: Ball 1-1: Foul Ball, location: 2F 1-2: Strikes out looking
|
|
Batting: RHB Ray Llewellyn
|
0-0: Ball 1-0: Swinging Strike 1-1: Foul Ball, location: 2F 1-2: Foul Ball, location: 2F 1-2: Strikes out swinging
|
| Top of the 7th over - 0 runs, 0 hits, 0 errors, 0 left on base; Texas 1 - Oakland 3 |
| BOTTOM OF THE 7TH |
|
Oakland Athletics batting - Pitching for Texas Rangers : RHP Kevin Ovens-Toots
|
|
Batting: LHB Tom Butterbaugh
|
0-0: Ground out 4-3 (Groundball, 34, EV 82.5 MPH)
|
|
Batting: LHB R.J. O'Brien
|
0-0: SINGLE (Groundball, 34S, EV 74.4 MPH) (infield hit)
|
|
Batting: LHB Al Hernandez
|
0-0: Ball 1-0: Foul Ball, location: 2F 1-1: Ball 2-1: Called Strike R.J. O'Brien steals 2nd base 2-2: Ball 3-2: Fly out, F8 (Flyball, 8RM, EV 93.8 MPH)
|
|
Batting: RHB Muneo Kawachi
|
0-0: Ball 1-0: Ball 2-0: TRIPLE (Line Drive, 9LD, EV 102.5 MPH) R.J. O'Brien scores
|
|
Batting: RHB C.J. Beavers
|
0-0: Swinging Strike 0-1: Called Strike 0-2: Ground out 6-3 (Groundball, 56, EV 106.2 MPH)
|
| Bottom of the 7th over - 1 run, 2 hits, 0 errors, 1 left on base; Texas 1 - Oakland 4 |
| TOP OF THE 8TH |
|
Texas Rangers batting - Pitching for Oakland Athletics : RHP George Rubio
|
|
Batting: SHB Addick de Vries
|
0-0: Ball 1-0: Ball 2-0: Fly out, F8 (Line Drive, 8RM, EV 97.5 MPH)
|
|
Batting: RHB Blake Ballard
|
0-0: Ball 1-0: Called Strike 1-1: Ball 2-1: Ball 3-1: Base on Balls
|
|
Batting: RHB Chris Torlak
|
0-0: SINGLE (Groundball, 25, EV 70.0 MPH) (infield hit) Blake Ballard to second
|
|
Batting: LHB Sean Geisler
|
0-0: Called Strike 0-1: Fly out, F4 (Popup, 34S, EV 71.9 MPH)
|
|
Batting: RHB Butch Kaiser
|
0-0: Fly out, F9 (Line Drive, 89M, EV 106.2 MPH)
|
| Top of the 8th over - 0 runs, 1 hit, 0 errors, 2 left on base; Texas 1 - Oakland 4 |
| BOTTOM OF THE 8TH |
|
Oakland Athletics batting - Pitching for Texas Rangers : RHP Kevin Ovens-Toots
|
|
Batting: SHB Jerry Luckwell
|
0-0: Ball 1-0: Ball 2-0: Ball 3-0: Base on Balls
|
|
Batting: LHB Sakae Kasahara
|
0-0: Called Strike 0-1: Fly out, F7 (Flyball, 7LMF, EV 86.2 MPH) Runner from 1st tags up, SAFE at 2nd
|
|
Batting: RHB Randy Shrewsbury
|
0-0: Called Strike 0-1: Ball 1-1: Ball 2-1: Foul Ball, location: 2F 2-2: SINGLE (Line Drive, 78M, EV 103.1 MPH) Jerry Luckwell to third Runner from 3rd tries for Home, SAFE, throw by CF to home
|
|
Pitching: RHP Isaburo Ishihara
|
|
|
Batting: SHB Quincy Bradford
|
0-0: Grounds into double play, 4-6-3 (Groundball, 4, EV 102.5 MPH)
|
| Bottom of the 8th over - 1 run, 1 hit, 0 errors, 0 left on base; Texas 1 - Oakland 5 |
| TOP OF THE 9TH |
|
Texas Rangers batting - Pitching for Oakland Athletics : RHP George Rubio
|
|
Batting: RHB Marc Peckermark
|
0-0: Called Strike 0-1: Ball 1-1: Swinging Strike 1-2: Ball 2-2: Strikes out looking
|
|
Batting: LHB Zion Davidson
|
0-0: Ball 1-0: Ball 2-0: Called Strike 2-1: Fly out, F5 (Line Drive, 5L, EV 69.4 MPH)
|
|
Batting: SHB Vince Ealy
|
0-0: Ball 1-0: Called Strike 1-1: Ball 2-1: Called Strike 2-2: Ground out 5-3 (Groundball, 5, EV 91.2 MPH)
|
| Top of the 9th over - 0 runs, 0 hits, 0 errors, 0 left on base; Texas 1 - Oakland 5 |
|